 Dungeon Crawl Stone Soup version 0.22.1-1-ga44c0e5 (webtiles) character file.

391 Lavandula the Chopper (level 6, 0/51 HPs)
             Began as a Centaur Berserker on Nov 8, 2018.
             Was a Believer of Trog.
             Slain by a gnoll
             ... wielding a +0 spear
              (1 damage)
             ... on level 4 of the Dungeon.
             The game lasted 00:04:36 (803 turns).

Lavandula the Chopper (Centaur Berserker)            Turns: 803, Time: 00:04:36

Health: 0/51       AC:  7    Str: 21    XL:     6   Next: 50%
Magic:  6/6        EV:  5    Int:  6    God:    Trog [**....]
Gold:   177        SH:  0    Dex:  9    Spells: 5/5 levels left

rFire    . . .     SeeInvis .   a - +0 hand axe
rCold    . . .     Gourm    .   (no shield)
rNeg     . . .     Faith    .   l - +3 leather armour {rPois}
rPois    +         Spirit   .   (no helmet)
rElec    .         Reflect  .   (no cloak)
rCorr    .         Harm     .   (no gloves)
MR       .....                  (no barding)
Stlth    ..........             (no amulet)
HPRegen  0.17/turn              j - ring of flight
MPRegen  0.10/turn              (no ring)

@: berserk cooldown, held, slowed, drained
A: large, hooves 3, deformed body, speed 2, tough skin 3
a: Berserk, Trog's Hand, Renounce Religion, Evoke Flight


You were on level 4 of the Dungeon.
You worshipped Trog.
Trog was pleased with you.
You were not hungry.

You visited 1 branch of the dungeon, and saw 4 of its levels.

You collected 177 gold pieces.

Inventory:

Hand Weapons
 a - a +0 hand axe (weapon)
 k - a +0 spear
Armour
 l - a +3 leather armour of poison resistance (worn)
 m - a +0 scale mail
Jewellery
 j - a ring of flight (left hand)
Wands
 b - a wand of acid (9)
 q - a wand of disintegration (12)
Scrolls
 d - 2 scrolls of identify {unknown}
 h - 2 scrolls of amnesia
 i - a scroll of enchant armour {unknown}
 n - a scroll of remove curse {unknown}
 r - a scroll of noise {unknown}
Potions
 e - 2 potions of curing {unknown}
 f - a potion of flight {unknown}
 g - 2 potions of magic {unknown}
 o - a potion of might {unknown}
 p - a potion of lignification {unknown}
Comestibles
 c - 2 rations


   Skills:
 - Level 3.0(2.8) Fighting
 + Level 6.8(6.6) Axes
 - Level 1.3(1.2) Armour
 - Level 1.3(1.2) Dodging


You had 5 spell levels left.
You didn't know any spells.
Your spell library was empty.

Dungeon Overview and Level Annotations

Branches:
Dungeon (4/15)
 Temple: D:4-7

Altars:
Cheibriados
Wu Jian


Innate Abilities, Weirdness & Mutations

You have hooves in place of feet.
Armour fits poorly on your strangely shaped body.
You cover ground very quickly.
You have extremely tough skin. (AC +3)


Message History

The gnoll shouts!
The gnoll barely misses you.
The gnoll throws a throwing net.
The throwing net hits you.
You become entangled in the net!
You see here a throwing net.
You struggle against the net.
The gnoll hits you but does no damage. x2
The gnoll hits you with a club!
You struggle against the net.
The gnoll hits you with a club. The gnoll completely misses you.
The gnoll hits you with a flail!
* * * LOW HITPOINT WARNING * * *
The gnoll barely misses you. The gnoll hits you with a club!
* * * LOW HITPOINT WARNING * * *
The gnoll hits you but does no damage.
Unknown command.
Okay, then.
You struggle against the net.
The gnoll barely misses you. The gnoll hits you with a club.
* * * LOW HITPOINT WARNING * * *
The gnoll hits you but does no damage.
The gnoll hits you from afar with a spear.
You die...

#.................#
####...................#
.......................#
......................#
.....................#
#....................
..######.......##.....##....
................##.......)...
............@g..##.......##..
............gg..............#
...........g##...............
#...........# ...............
#...........# ...............
#...........# .....[$...)....
#...........#########...)....
........................)....
.............................


You could see 4 gnolls.

Vanquished Creatures
  An ogre (D:4)
  A scorpion (D:4)
  3 wights (D:4)
  An orc wizard (D:3)
  A worker ant (D:4)
  3 gnolls (D:3)
  2 adders
  A worm (D:2)
  2 dart slugs (D:3)
  A leopard gecko (D:4)
  2 orcs (D:3)
  2 ball pythons
  3 giant cockroaches
  3 goblins
  A hobgoblin (D:2)
  A quokka (D:2)
  5 bats
  A frilled lizard (D:4)
  3 kobolds (D:2)
  4 rats (D:2)
41 creatures vanquished.

Notes
Turn   | Place    | Note
-------+----------+-------------------------------------------
     0 | D:1      | Lavandula the Centaur Berserker began the quest for the
                  | Orb.
     0 | D:1      | Reached XP level 1. HP: 19/19 MP: 1/1
   107 | D:2      | Reached skill level 3 in Axes
   164 | D:2      | Found a snail-covered altar of Cheibriados.
   187 | D:2      | Reached XP level 2. HP: 22/26 MP: 2/2
   301 | D:2      | Reached XP level 3. HP: 24/31 MP: 3/3
   341 | D:3      | Reached skill level 4 in Axes
   344 | D:3      | Reached ** piety under Trog
   347 | D:3      | Reached XP level 4. HP: 37/38 MP: 4/4
   465 | D:3      | Found an ornate altar of the Wu Jian Council.
   681 | D:4      | Noticed an ogre
   690 | D:4      | Reached skill level 5 in Axes
   690 | D:4      | Reached XP level 5. HP: 45/45 MP: 5/5
   694 | D:4      | Killed an ogre
   694 | D:4      | Reached skill level 6 in Axes
   758 | D:4      | Reached XP level 6. HP: 51/51 MP: 6/6
   803 | D:4      | HP: 1/51 [gnoll/club (6)]
   803 | D:4      | Slain by a gnoll

Skill      XL: |  1  2  3  4  5 |
---------------+----------------+-----
Axes           | 3 4 5 6 |  6.8
Fighting       | |  3.0
Armour         | |  1.3
Dodging        | |  1.3

Action                   |  1- 3 |  4- 6 || total
-------------------------+-------+-------++-------
Melee: Hand axe          |    48 |    32 ||    80
       Kick              |    11 |    10 ||    21
Invok: Berserk           |     2 |     3 ||     5
       Trog's Hand       |       |     1 ||     1
  Use: Scroll            |       |     1 ||     1
  Eat: Chunk             |       |     5 ||     5
Armor: Animal skin       |    28 |     3 ||    31
       Leather armour    |       |    15 ||    15
Dodge: Dodged            |    25 |    27 ||    52
